 Dungeon Crawl Stone Soup version 0.15.2 (webtiles) character file.

30 Chiseanne the Magician (level 3, -3/26 HPs)
             Began as a Demonspawn Transmuter on Dec 19, 2014.
             Slain by Terence
             ... wielding a +2 falchion of flaming
              (4 damage)
             ... on Level 2 of the Dungeon.
             The game lasted 00:03:29 (1663 turns).

Chiseanne the Magician (Demonspawn Transmuter)      Turns: 1663, Time: 00:03:30

HP  -3/26        AC  4     Str 11      XL: 3   Next:  3%
MP   6/6         EV 10     Int 14      God:
Gold 89          SH  0     Dex 11 (13) Spells:  1 memorised,  6 levels left

rFire  . . .     SeeInvis .       - Unarmed
rCold  . . .     Clarity  .     f - +1 leather armour
rNeg   . . .     rCorr    .     (no shield)
rPois  .         rRot     .     (helmet restricted)
rElec  .         Spirit   .     (no cloak)
SustAb .         Warding  .     (no gloves)
rMut   .         Stasis   .     (no boots)
Gourm  .                        (no amulet)
MR     .....                    (no ring)
                                i - ring of wizardry

@: lethally poisoned, appendage (expiring), not resistant to hostile
enchantments, unstealthy
A: horns 2, nightstalker 1, powered by pain 1
a: End Transformation


You were on level 2 of the Dungeon.
You were hungry.
You had grown temporary horns.
You visited 1 branch of the dungeon, and saw 2 of its levels.

You collected 89 gold pieces.

Inventory:

Hand weapons
 e - a +1 dagger of holy wrath
Missiles
 b - 12 arrows
 h - 6 bolts
Armour
 f - a +1 leather armour (worn)
Comestibles
 a - a bread ration
 c - a beef jerky
 j - a fruit
Jewellery
 i - a ring of wizardry (left hand)
Books
 d - a book of Changes

   Spells                             Type                      Level
   *Beastly Appendage                 Transmutation                1
   Sticks to Snakes                   Transmutation                2
   Spider Form                        Transmutation/Poison         3
   Ice Form                           Ice/Transmutation            4
   Blade Hands                        Transmutation                5


   Skills:
 - Level 1.0 Fighting
 - Level 1.7 Dodging
 - Level 2.6 Unarmed Combat
 * Level 2.9 Spellcasting
 * Level 2.4 Transmutations


You had 6 spell levels left.
You knew the following spells:

 Your Spells              Type           Power        Failure   Level  Hunger
a - Beastly Appendage     Trmt           #.....       4%          1    #......


Dungeon Overview and Level Annotations

Branches:
Dungeon (2/15)

Altars:
The Shining One

Annotations:
D:2 Terence


Innate Abilities, Weirdness & Mutations

You are slightly more attuned to the shadows.
You sometimes gain a little power by taking damage.
You have a pair of horns on your head.


Message History

* * * LOW HITPOINT WARNING * * *
You feel sick. Terence closely misses you.
You hit Terence but do no damage. You headbutt Terence, but do no damage.
Terence is lightly wounded.
Terence misses you.
You barely miss Terence. You headbutt Terence.
Terence is heavily wounded.
You hit Terence but do no damage.
Terence is heavily wounded.
* * * LOW HITPOINT WARNING * * *
You feel sick.
Terence hits you with a falchion of flaming.
* * * LOW HITPOINT WARNING * * *
Terence burns you.
* * * LOW HITPOINT WARNING * * *
You barely miss Terence. You punch Terence, but do no damage.
Terence is heavily wounded.
Your transformation is almost over.
Terence hits you with a falchion of flaming.
You die...

#.# #.# ##.#
#..#
#.########.####
.......).....>#
##.####.#####.#
#........#
#..####@.# #..#
#@.# #..# ...#
#..# #...# #..#
#...# #..#
#...# . #...#
...


You could see Terence.

Vanquished Creatures
  2 bats
  2 giant cockroaches (D:1)
  4 goblins
  4 hobgoblins (D:1)
  7 jackals
  2 giant newts (D:2)
  4 kobolds
  A rat (D:1)
26 creatures vanquished.

Notes
Turn   | Place    | Note
--------------------------------------------------------------
     0 | D:1      | Chiseanne, the Demonspawn Transmuter, began the quest for the Orb.
     0 | D:1      | Reached XP level 1. HP: 15/15 MP: 3/3
   372 | D:1      | Gained mutation: You sometimes gain a little power by taking damage. [demonic ancestry]
   372 | D:1      | Reached XP level 2. HP: 12/21 MP: 0/5
  1596 | D:2      | Found a glowing golden altar of the Shining One.
  1608 | D:2      | Gained mutation: You are slightly more attuned to the shadows. [demonic ancestry]
  1608 | D:2      | Reached XP level 3. HP: 26/26 MP: 4/6
  1649 | D:2      | Noticed Terence
  1662 | D:2      | HP: 1/26 [Terence/falchion of flaming (1)]
  1663 | D:2      | Slain by Terence

Action                   || total
-------------------------++-------
Melee: Unarmed           ||   102
 Cast: Beastly Appendage ||    28
Evoke: Wand              ||     1
  Use: Scroll            ||     6
       Potion            ||     2
 Stab: Sleeping          ||     1
  Eat: Chunk             ||     2
